 Dungeon Crawl Stone Soup version 0.31-a0-631-g285b096dc4 (webtiles) character file.

Game seed: 13379216298907138398

331 Newt the Trooper (level 6, -1/60 HPs)
             Began as a Gargoyle Fighter on Aug 25, 2023.
             Shot with an arrow by a centaur (8 damage)
             ... on level 3 of the Dungeon.
             The game lasted 00:03:39 (2261 turns).

Newt the Trooper (Gargoyle Fighter)                 Turns: 2261, Time: 00:03:40

Health: -1/60      AC: 23    Str: 22    XL:     6   Next: 51%
Magic:  6/6        EV:  2    Int:  8    God:
Gold:   43         SH:  4    Dex:  9    Spells: 5/5 levels left

rFire   + . .        a - +0 flail
rCold   + . .        c - +0 buckler
rNeg    + . .        b - melded +0 scale mail
rPois   ∞            (helmet currently unavailable)
rElec   +            g - melded +1 cloak
rCorr   +            l - melded +0 pair of gloves
SInv    .            (boots currently unavailable)
Will    .....        (no amulet)
Stlth   +            (no ring)
HPRegen 0.30/turn    (no ring)
MPRegen 0.10/turn

%: no passive effects
@: tree-form, resistant, attractive, invisible
A: stationary, stasis, torment immunity, boosted hp, sickness immunity, AC +4,
negative energy resistance 1, (electricity resistance), torment resistance 1,
petrification resistance
a: no special abilities


You were on level 3 of the Dungeon.
You were a tree.
You visited 1 branch of the dungeon, and saw 6 of its levels.

You collected 133 gold pieces.
You spent 90 gold pieces at shops.

Inventory:

Hand Weapons
 a - a +0 flail (weapon)
Armour
 b - a +0 scale mail (melded)
 c - a +0 buckler (worn)
 g - a +1 cloak (melded)
 l - a +0 pair of gloves (melded)
Scrolls
 n - a scroll of revelation
 o - a scroll of identify
Potions
 d - a potion of might
 e - a potion of enlightenment
 f - a potion of brilliance
 h - 2 potions of mutation
 m - 2 potions of resistance


   Skills:
 + Level 5.6 Fighting
 - Level 4.0 Maces & Flails
 - Level 5.0 Armour
 - Level 3.2 Shields


You had 5 spell levels left.
You didn't know any spells.
Your spell library contained the following spells:

 Spells                   Type           Power      Damage    Failure   Level
 Ignite Poison            Fire/Tmut/Pois 0%         N/A       85%         3
 Freezing Cloud           Conj/Ice/Air   0%         6-21      100%        5
 Cigotuvi's Dreadful Rot  Necr/Pois/Air  Unusable   N/A       N/A         2

Dungeon Overview and Level Annotations

Branches:
Dungeon (6/15)
 Temple: D:4-7

Altars:
The Shining One

Shops:
D:1 ??[(   D:6 *

Annotations:
D:3 Pikel


Innate Abilities, Weirdness & Mutations

You are a tree.
Your roots penetrate the ground, keeping you stationary.
You cannot be teleported.
You are immune to unholy pain and torment.
Your maximum health is greatly increased.
Your equipment is partially melded.
You are immune to sickness and miasma.
((Your stone body is resilient. (AC +4)))
You are immune to poison.
You resist negative energy. (rN+)
((You are resistant to electric shocks. (rElec)))
You are resistant to unholy torment.
You are immune to petrification.


Message History

The centaur shoots an arrow.
The arrow completely misses you. Pikel hits you but does no damage.
The centaur shoots an arrow.
The arrow hits you!
The centaur shoots an arrow.
You block the arrow. The adder closely misses you.
The centaur shoots an arrow.
The arrow hits you. Pikel attacks as he pursues you! Pikel closely misses you.
Pikel attacks as he pursues you! Pikel hits you but does no damage.
You sock Pikel!
Pikel is moderately wounded.
Pikel hits you with a +1 whip of flaming.
Pikel burns you.
You miss Pikel.
Pikel is moderately wounded.
Pikel hits you but does no damage.
Pikel hits you with a +1 whip of flaming!
* * * LOW HITPOINT WARNING * * *
Pikel burns you.
* * * LOW HITPOINT WARNING * * *
It was a potion of resistance.
You feel protected. Pikel closely misses you.
It was a potion of invisibility.
You fade into invisibility!
Pikel hits you but does no damage.
The centaur shoots an arrow.
The arrow barely misses Pikel.
The arrow hits you but does no damage.
It was a potion of lignification.
You turn into a tree.
Your +1 cloak melds into your body.
Your +0 pair of gloves melds into your body.
Your +0 scale mail melds into your body.
Your roots penetrate the ground.
The centaur shoots an arrow.
The arrow barely misses Pikel.
The arrow hits you.
* * * LOW HITPOINT WARNING * * *
Unknown command.
The centaur shoots an arrow.
The arrow hits you but does no damage.
The centaur shoots an arrow.
The arrow hits Pikel!
It was a potion of attraction.
You feel attractive to monsters.
The centaur shoots an arrow.
The arrow closely misses Pikel.
The arrow hits you!
You die...

...... ..#.......
.#....... .....
...## . .... ...#
##. ... ..#
....##'####.#
#....##........#♣#
...............#K#
...............cS#
................##
...............##
...............#
ooo......##....#
o<....... #....#
.....#... ######


You could see Pikel (unable to see you), a centaur (unable to see you) and an
adder (unable to see you).

Vanquished Creatures
  A scorpion (D:5)
  A hound (D:5)
  An iguana (D:6)
  Natasha (twice) (D:2)
  4 gnolls (D:4)
  6 adders
  4 dart slugs
  4 endoplasms
  4 giant cockroaches
  5 goblins
  4 hobgoblins
  4 jackals
  11 kobolds
  3 quokkas
  6 ball pythons
  5 bats
  2 frilled lizards
  8 rats
75 creatures vanquished.

Notes
Turn   | Place    | Note
-------+----------+-------------------------------------------
     0 | D:1      | Newt the Gargoyle Fighter began the quest for the Orb.
     0 | D:1      | Reached XP level 1. HP: 14/14 MP: 1/1
     3 | D:1      | Found Gupaivae's Armour Shoppe.
    32 | D:1      | Reached XP level 2. HP: 18/20 MP: 2/2
    86 | D:1      | Found a faded altar of an unknown god.
   170 | D:1      | Found Soelaeth's Magic Scroll Shoppe.
   425 | D:1      | Reached XP level 3. HP: 20/24 MP: 3/3
   680 | D:1      | Found Jourgh's Antique Weapon Shop.
   804 | D:1      | Found Bess's Magic Scroll Shoppe.
   908 | D:2      | Reached skill level 5 in Fighting
  1024 | D:2      | Reached XP level 4. HP: 24/31 MP: 4/4
  1187 | D:2      | Noticed Natasha
  1192 | D:2      | Killed Natasha
  1242 | D:2      | Noticed Natasha
  1256 | D:2      | Killed Natasha
  1257 | D:2      | Reached XP level 5. HP: 27/35 MP: 5/5
  1595 | D:3      | Found a glowing golden altar of the Shining One.
  1662 | D:3      | You fall into a shaft and drop 3 floors!
  1743 | D:6      | Found Ohuleul's General Store.
  1747 | D:6      | Bought a scroll of identify for 30 gold pieces
  1747 | D:6      | Bought 2 scrolls of identify for 60 gold pieces
  1860 | D:5      | Entered Level 5 of the Dungeon
  1875 | D:5      | Reached XP level 6. HP: 40/40 MP: 6/6
  1949 | D:5      | Reached skill level 5 in Armour
  2240 | D:4      | Noticed Pikel
  2261 | D:3      | Shot with an arrow by a centaur

Illustrated notes

Levels and vault maps discovered:
D:1:      dpeg_arrival_pits, layout_basic, serial_shops, shop,
          nicolae_shop_tiny_statue_garden, shop, shop,
          hellmonk_ecumenical_altar_leap_of_faith, minmay_hexomino_f4
D:2:      layout_basic, uniq_natasha
D:3:      lemuel_castle_with_subvaults [lemuel_castle_interior_original],
          layout_basic, trog_antimagical, gammafunk_temple_overflow_pools,
          mainiacjoe_overflow_surrounded_room
D:4:      layout_basic, corexii_shack, uniq_eustachio, uniq_pikel
D:5:      layout_basic, nicolae_yredelemnul_corpse_copse,
          gammafunk_temple_overflow_wave, chequers_arboretum
D:6:      layout_gridville, minmay_temple_entry_tees, serial_shops, shop, shop

Skill      XL: |  1  2  3  4  5  6 |
---------------+-------------------+-----
Fighting       | 4 5 |  5.6
Maces & Flails | 3 4 |  4.0
Armour         | 4 5 |  5.0
Shields        | |  3.2

Action                     |  1- 3 |  4- 6 || total
---------------------------+-------+-------++-------
  Melee: Flail             |   118 |   177 ||   295
    Use: Scroll            |     2 |     6 ||     8
         Potion            |       |     4 ||     4
 Armour: Scale mail        |    90 |   129 ||   219
         Skin              |       |     1 ||     1
  Dodge: Dodged            |   106 |   106 ||   212
  Block: Buckler           |    42 |    46 ||    88

Table legend: (Time is in decaauts)
 A = Elapsed time spent in this place.
 B = Non-inter-level travel time spent in this place.
 C = Inter-level travel time spent in this place.
 D = Time resting spent in this place.
 E = Time spent auto-exploring this place.
 F = Levels seen in this place.
 G = Mean time per level.
                   A        B        C        D        E       F      G
               +--------+--------+--------+--------+--------+-----+--------+
         Total |   2351 |   2216 |    135 |     95 |   1490 |   6 |  391.8 |
       Dungeon |   2351 |   2216 |    135 |     95 |   1490 |   6 |  391.8 |
               +--------+--------+--------+--------+--------+-----+--------+

Top non-repeatable levels by time:
     D:1: 919 daAuts
     D:2: 730 daAuts
     D:4: 281 daAuts
     D:6: 199 daAuts
     D:5: 120 daAuts
     D:3: 100 daAuts
